 Dungeon Crawl Stone Soup version 0.23.0 (webtiles) character file.

Game seed: 14924810225988953359

12864 D1HalberdGnoll the Carver (level 11, -2/82 HPs)
             Began as a Demonspawn Abyssal Knight on Feb 13, 2019.
             Was a Priest of Lugonu.
             Slain by a hippogriff (7 damage)
             ... on level 1 of the Lair of Beasts.
             The game lasted 00:30:30 (17532 turns).

D1HalberdGnoll the Carver (DsAK)                   Turns: 17532, Time: 00:30:30

Health: -2/82      AC: 15    Str: 15    XL:     11   Next: 68%
Magic:  0/18       EV:  7    Int: 13    God:    Lugonu [***...]
Gold:   626        SH:  0    Dex: 20    Spells: 10/10 levels left

rFire    . . .     SeeInvis .   a - +2 falchion
rCold    + . .     Gourm    .   (no shield)
rNeg     + . .     Faith    .   y - +0 chain mail {MR+}
rPois    .         Spirit   +   (no helmet)
rElec    .         Reflect  .   p - +0 cloak
rCorr    .         Harm     .   C - +0 pair of gloves
MR       +....     Clarity  +   d - +0 pair of boots
Stlth    ..........             (no amulet)
HPRegen  0.23/turn              k - +6 ring of dexterity
MPRegen  0.16/turn              r - ring of positive energy

@: lightly drained
A: talons 2, rugged brown scales 1, clarity, cold resistance 1, frail 1, powered
by pain 2, magic shield, MP-powered wands
a: Depart the Abyss, Bend Space, Banish, Renounce Religion


You were on level 1 of the Lair of Beasts.
You worshipped Lugonu.
Lugonu was most pleased with you.
You were not hungry.

You visited 3 branches of the dungeon, and saw 13 of its levels.
You visited the Abyss 1 time.

You collected 626 gold pieces.

Inventory:

Hand Weapons
 a - a +2 falchion (weapon)
Missiles
 b - 11 tomahawks (quivered)
Armour
 d - a +0 pair of boots (worn)
 p - a +0 cloak (worn)
 y - a +0 chain mail of magic resistance (worn)
 C - a +0 pair of gloves (worn)
Jewellery
 k - a +6 ring of dexterity (left hand)
 r - a ring of positive energy (right hand)
Wands
 f - a wand of digging (1)
 u - a wand of disintegration (9)
 z - a wand of polymorph (15)
 B - a wand of flame (21)
Scrolls
 e - 3 scrolls of immolation
 i - 2 scrolls of enchant armour
 l - 4 scrolls of remove curse
 m - a scroll of blinking
 t - a scroll of enchant weapon
 v - 5 scrolls of identify
Potions
 h - 4 potions of magic
 j - a potion of flight
 q - a potion of cancellation
 s - 2 potions of haste
 x - a potion of agility
 A - a potion of invisibility
 E - a potion of mutation
Comestibles
 c - 12 rations
 n - a chunk of flesh


   Skills:
 + Level 9.4(9.0) Fighting
 * Level 11.4(11.0) Long Blades
 + Level 8.0(7.6) Armour
 - Level 0.8(0.5) Dodging
 - Level 10.0(9.6) Invocations


You had 10 spell levels left.
You didn't know any spells.
Your spell library contained the following spells:

 Spells                   Type           Power        Failure   Level  Hunger
 Beastly Appendage        Tmut           #.....       99%         1    ##.....
 Corona                   Hex            #......      99%         1    ##.....
 Ensorcelled Hibernation  Hex/Ice        #.....       100%        2    ###....
 Sticks to Snakes         Tmut           #.......     100%        2    ###....
 Confuse                  Hex            #.......     100%        3    ####...
 Dazzling Spray           Conj/Hex       #.....       100%        3    ####...
 Spider Form              Tmut/Pois      #.........   100%        3    ####...
 Tukima's Dance           Hex            #.......     100%        3    ####...
 Ice Form                 Ice/Tmut       #.......     100%        4    #####..
 Leda's Liquefaction      Hex/Erth       #.........   100%        4    #####..
 Blade Hands              Tmut           #.........   100%        5    ######.
 Bolt of Magma            Conj/Fire/Erth #.........   100%        5    ######.
 Iron Shot                Conj/Erth      #.........   100%        6    #######
 Statue Form              Tmut/Erth      #........    100%        6    #######
 Shatter                  Erth           #.........   100%        9    #######


Dungeon Overview and Level Annotations

Branches:
Dungeon (11/15)            Temple (1/1) D:4            Lair (1/6) D:9
    Orc (0/2) D:10

Altars:
Ashenzari
Cheibriados
Dithmenos
Elyvilon
Fedhas
Gozag
Hepliaklqana
Kikubaaqudgha
Makhleb
Nemelex Xobeh
Okawaru
Qazlal
Ru
Sif Muna
Trog
Uskayaw
Vehumet
Wu Jian
Xom
Yredelemnul
Zin
The Shining One

Shops:
D:6 =

Annotations:
D:3 4 runed translucent doors, Delanovic's ghost, amateur OpWn
D:4 1 runed translucent door, exclusion: downstairs, Crazy Yiuf
D:5 exclusion: downstairs
D:11 exclusion: orange crystal statue
Abyss:1 Dowan


Innate Abilities, Weirdness & Mutations

You have razor-sharp toenails.
You are partially covered in rugged brown scales. (AC +1, +3% HP)
You sometimes gain power by taking damage.
When hurt, damage is shared between your health and your magic reserves.
You possess an exceptional clarity of mind.
Your flesh is cold resistant. (rC+)
You are frail. (-10% HP)
You expend magic power (3 MP) to strengthen your wands.


Message History

The hippogriff pecks you but does no damage.
The hippogriff claws you but does no damage.
Okay, then.
Evoke which item? (* to show all) (? for menu, Esc to quit)
Aiming: Paralyse
Press: ? - help, Shift-Dir - straight line, f - hippogriff
Aim: a hippogriff (almost dead, chance to defeat MR: 46%)
You feel a surge of power!
The hippogriff resists with some effort.
The hippogriff bites you.
* * * LOW HITPOINT WARNING * * *
The hippogriff pecks you but does no damage.
The hippogriff closely misses you.
Evoke which item? (* to show all) (? for menu, Esc to quit)
Aiming: Paralyse
Press: ? - help, Shift-Dir - straight line, f/p - hippogriff
Aim: a hippogriff (almost dead, chance to defeat MR: 41%)
The hippogriff resists with some effort.
The now-empty wand crumbles to dust.
The hippogriff bites you!
You die...

##### .
##.@.####..
#P.H.P..)F.
#P.....#...
##....##...
#...P.....
#.....##.#
##........#
#.รท...#...^
###..#.....


You could see a hippogriff and a blink frog (wandering).

Vanquished Creatures
  Pikel (D:6)
  A centaur zombie (D:11)
  A komodo dragon (Lair:1)
  A troll (D:9)
  A hornet (D:9)
  Prince Ribbit (D:8)
  3 hippogriffs
  A wyvern (D:10)
  3 yaks (D:10)
  Menkaure (D:4)
  2 wargs (D:9)
  A soldier ant (D:9)
  A water moccasin (D:9)
  3 porcupines (Lair:1)
  Duvessa (D:6)
  2 orc warriors
  3 sky beasts
  2 ice beasts
  2 eyes of draining
  2 necrophages
  3 ogres
  2 phantoms
  A crocodile (D:8)
  6 centaurs
  2 big kobolds
  7 bullfrogs
  A water moccasin zombie (D:9)
  A scorpion (D:6)
  11 killer bees
  9 wights (D:9)
  A howler monkey (D:11)
  3 bullfrog zombies
  10 crimson imps
  3 bullfrog skeletons
  7 hounds
  2 jellies
  10 orc priests
  13 orc wizards
  3 centaur skeletons
  An iguana (D:4)
  Natasha (thrice) (D:4)
  14 worker ants
  A hound zombie (D:6)
  A hound skeleton (D:10)
  2 worker ant zombies
  6 adders
  3 shadow imps
  An adder zombie (D:9)
  3 adder skeletons
  3 worms
  2 dart slugs
  7 leopard geckos
  51 orcs
  9 bats
  5 giant cockroaches
  13 goblins
  10 hobgoblins
  11 jackals
  2 quokkas
  3 frilled lizards
  A goblin zombie (D:3)
  17 kobolds
  A quokka zombie (D:9)
  12 rats
310 creatures vanquished.

Vanquished Creatures (others)
  A death knight (D:11)
  2 two-headed ogres
  A skeletal warrior (D:11)
  A wizard (D:7)
  A phantasmal warrior (D:11)
  3 orc sorcerers (D:7)
  A spiny frog (Lair:1)
  A komodo dragon (Lair:1)
  A yak (D:10)
  An ice beast (D:8)
  An orc warrior (D:8)
  An orc wizard (D:9)
  2 fungi (Lair:1)
17 creatures vanquished.

Grand Total: 327 creatures vanquished

Notes
Turn   | Place    | Note
-------+----------+-------------------------------------------
     0 | Abyss:1  | D1HalberdGnoll the Demonspawn Abyssal Knight began the
                  | quest for the Orb.
     0 | Abyss:1  | Reached XP level 1. HP: 18/18 MP: 2/2
    93 | Abyss:1  | Noticed a small abomination
    94 | D:1      | Escaped the Abyss
   148 | D:1      | Reached skill level 2 in Long Blades
   156 | D:1      | Reached * piety under Lugonu
   174 | D:1      | Gained mutation: You are partially covered in rugged brown
                  | scales. (AC +1, +3% HP) [demonic ancestry]
   174 | D:1      | Reached XP level 2. HP: 17/24 MP: 4/4
   522 | D:1      | Found a shimmering altar of Xom.
   771 | D:1      | You fall through a shaft!
   881 | D:2      | Reached XP level 3. HP: 27/29 MP: 5/5
  1269 | D:2      | Reached ** piety under Lugonu
  1357 | D:2      | Reached skill level 3 in Long Blades
  1525 | D:2      | Reached XP level 4. HP: 29/36 MP: 6/6
  2148 | D:2      | Found an ornate altar of the Wu Jian Council.
  2211 | D:3      | Found a runed translucent door.
  2211 | D:3      | Noticed a human
  2214 | D:3      | Found a basalt altar of Yredelemnul.
  2239 | D:3      | Found a runed translucent gate.
  2239 | D:3      | Found a runed translucent gate.
  2239 | D:3      | Found a runed translucent gate.
  2239 | D:3      | Noticed Delanovic's ghost (amateur OpWn)
  2239 | D:3      | Noticed a big kobold
  2239 | D:3      | Noticed a big kobold
  2239 | D:3      | Noticed a big kobold
  2283 | D:3      | Found a shattered altar of Ashenzari.
  2628 | D:3      | Gained mutation: You have sharp toenails. [demonic
                  | ancestry]
  2628 | D:3      | Reached XP level 5. HP: 34/43 MP: 6/8
  3045 | D:4      | Noticed Natasha
  3056 | D:4      | Killed Natasha
  3153 | D:4      | Found a staircase to the Ecumenical Temple.
  3160 | Temple   | Entered the Ecumenical Temple
  3430 | D:4      | Noticed Natasha
  3468 | D:4      | Noticed Menkaure
  3495 | D:5      | Entered Level 5 of the Dungeon
  3495 | D:5      | Found a snail-covered altar of Cheibriados.
  3616 | D:5      | Reached skill level 4 in Long Blades
  3866 | D:5      | Noticed an ogre
  3887 | D:5      | Killed an ogre
  3887 | D:5      | Gained mutation: You sometimes gain a little power by
                  | taking damage. [demonic ancestry]
  3887 | D:5      | Reached XP level 6. HP: 49/49 MP: 9/9
  4269 | D:5      | Reached skill level 5 in Invocations
  4342 | D:5      | Reached *** piety under Lugonu
  4342 | D:5      | Gained mutation: When hurt, damage is shared between your
                  | health and your magic reserves. [demonic ancestry]
  4342 | D:5      | Reached XP level 7. HP: 37/56 MP: 8/10
  4363 | D:4      | Reached skill level 5 in Long Blades
  4841 | D:4      | Found a runed translucent door.
  4842 | D:4      | Noticed Crazy Yiuf
  5038 | D:4      | Killed Menkaure
  5040 | D:4      | Killed Natasha
  5040 | D:4      | Reached skill level 5 in Fighting
  5218 | D:4      | Found a deep blue altar of Sif Muna.
  5223 | D:4      | Found a bloodstained altar of Trog.
  5458 | D:4      | Noticed Natasha
  5465 | D:4      | Killed Natasha
  5850 | D:5      | Reached XP level 8. HP: 63/63 MP: 12/12
  6286 | D:5      | Reached skill level 6 in Long Blades
  7130 | D:6      | Noticed Duvessa
  7133 | D:6      | Noticed Dowan
  7932 | D:6      | Reached skill level 7 in Long Blades
  8029 | D:6      | Found a hide-covered altar of Uskayaw.
  8064 | D:6      | Found Hainwu's Jewellery Shoppe.
  8193 | D:6      | Killed Duvessa
  8199 | D:6      | Banished Dowan
  8199 | D:6      | Gained mutation: You sometimes gain power by taking damage.
                  | [demonic ancestry]
  8199 | D:6      | Reached XP level 9. HP: 26/71 MP: 4/14
  8477 | D:6      | Found a sparkling altar of Nemelex Xobeh.
  8477 | D:6      | Found an opulent altar of Gozag.
  8559 | D:6      | Noticed Pikel
  8600 | D:6      | Killed Pikel
  8600 | D:6      | Reached skill level 5 in Armour
  8768 | D:6      | Reached **** piety under Lugonu
  9093 | D:7      | Reached skill level 8 in Long Blades
  9186 | D:7      | Noticed a wizard
  9227 | D:7      | Found a blossoming altar of Fedhas.
  9494 | D:7      | Noticed an orc sorcerer
  9501 | D:7      | Banished an orc sorcerer
  9531 | D:7      | Noticed an orc sorcerer
  9534 | D:7      | Noticed an orc sorcerer
  9545 | D:7      | Banished an orc sorcerer
  9546 | D:7      | Banished an orc sorcerer
  9666 | D:7      | Banished a wizard
  9882 | D:8      | Gained mutation: You have razor-sharp toenails. [demonic
                  | ancestry]
  9882 | D:8      | Reached XP level 10. HP: 61/81 MP: 12/16
 10449 | D:8      | Reached skill level 9 in Long Blades
 10667 | D:8      | Noticed a two-headed ogre
 10670 | D:8      | Banished a two-headed ogre
 10837 | D:8      | Noticed Prince Ribbit
 10886 | D:8      | Killed Prince Ribbit
 12929 | D:9      | Gained mutation: You expend magic power (3 MP) to
                  | strengthen your wands. [potion of mutation]
 12929 | D:9      | Gained mutation: You possess an exceptional clarity of
                  | mind. [potion of mutation]
 12929 | D:9      | Gained mutation: You are frail. (-10% HP) [potion of
                  | mutation]
 12929 | D:9      | Gained mutation: Your flesh is cold resistant. (rC+)
                  | [potion of mutation]
 12934 | D:9      | Reached skill level 10 in Invocations
 12965 | D:9      | Reached skill level 10 in Long Blades
 13142 | D:9      | Found a white marble altar of Elyvilon.
 13330 | D:9      | You fall through a shaft for 2 floors!
 13594 | D:11     | Noticed an orange crystal statue
 13708 | D:11     | Reached XP level 11. HP: 55/80 MP: 12/18
 13911 | D:11     | Noticed a phantasmal warrior
 13919 | D:11     | Noticed a skeletal warrior
 13926 | D:11     | Paralysed by a hornet for 3 turns
 13933 | D:11     | Noticed a death knight
 13956 | D:11     | Banished a death knight
 13960 | D:11     | Noticed a skeletal warrior
 13964 | D:11     | Banished a skeletal warrior
 14410 | D:11     | Banished a phantasmal warrior
 14495 | D:10     | Entered Level 10 of the Dungeon
 15066 | D:10     | Reached skill level 11 in Long Blades
 15526 | D:10     | Found a staircase to the Orcish Mines.
 16008 | D:9      | Noticed a two-headed ogre
 16009 | D:9      | Banished a two-headed ogre
 16592 | D:9      | Found a staircase to the Lair.
 16731 | Lair:1   | Entered Level 1 of the Lair of Beasts
 16741 | Lair:1   | Got an ebony hand axe
 16924 | Lair:1   | Identified the cursed +0 hand axe "Qoek" {chop, Int+3} (You
                  | found it on level 1 of the Lair of Beasts)
 17531 | Lair:1   | HP: 4/82 [hippogriff (1)]
 17532 | Lair:1   | Slain by a hippogriff

Skill      XL: |  1  2  3  4  5  6  7  8  9 10 11 |
---------------+----------------------------------+-----
Long Blades    | 2 3 4 5 7 8 10 11 | 11.4
Invocations    | 3 4 5 6 7 8 10 | 10.0
Armour         | 2 3 4 5 7 8 |  8.0
Fighting       | 4 5 6 7 8 9 |  9.4
Dodging        | |  0.8

Action                   |  1- 3 |  4- 6 |  7- 9 | 10-12 || total
-------------------------+-------+-------+-------+-------++-------
Melee: Falchion          |   130 |   219 |   397 |   946 ||  1692
       Kick              |       |    44 |    75 |       ||   119
Throw: Throwing net      |       |     1 |     1 |       ||     2
       Tomahawk          |       |       |       |     1 ||     1
Invok: Depart the Abyss  |     1 |       |       |       ||     1
       Bend Space        |       |     1 |     2 |       ||     3
       Banish            |       |       |     8 |    15 ||    23
Evoke: Wand              |       |       |     5 |     5 ||    10
  Use: Scroll            |       |     9 |     8 |     8 ||    25
       Potion            |       |     7 |     4 |     7 ||    18
 Stab: Held in net/web   |       |       |     1 |       ||     1
       Paralysed         |       |       |     4 |     6 ||    10
  Eat: Chunk             |     2 |     9 |    14 |    13 ||    38
       Ration            |       |       |     2 |     5 ||     7
Armor: Leather armour    |     7 |       |       |       ||     7
       Ring mail         |    49 |    42 |       |       ||    91
       Chain mail        |       |   112 |   296 |   601 ||  1009
Dodge: Dodged            |    86 |    78 |   135 |   287 ||   586
       Rpst.: Falchion   |    26 |    19 |    44 |    81 ||   170
